 Dungeon Crawl Stone Soup version 0.27-a0-1325-g58a489ad9e (webtiles) character file.

Game seed: 15166826052491483780

604 Nattfarinn the Magician (level 7, -2/36 HPs)
             Began as a Deep Elf Conjurer on June 24, 2021.
             Slain by Duvessa (12 damage)
             ... on level 5 of the Dungeon.
             The game lasted 00:06:03 (4996 turns).

Nattfarinn the Magician (Deep Elf Conjurer)         Turns: 4996, Time: 00:06:03

Health: -2/36      AC:  3    Str:  4    XL:     7   Next: 18%
Magic:  10/20      EV: 14    Int: 25    God:
Gold:   140        SH:  0    Dex: 13    Spells: 15/21 levels left

rFire    . . .     SeeInvis .   k - +2 rapier (venom)
rCold    . . .     Faith    .   (no shield)
rNeg     . . .     Spirit   .   a - +0 robe
rPois    .         Reflect  .   n - +0 helmet
rElec    .         Harm     .   (no cloak)
rCorr    .         Rampage  .   (no gloves)
Will     .....                  (no boots)
Stlth    ++........             (no amulet)
HPRegen  0.12/turn              (no ring)
MPRegen  0.17/turn              (no ring)

@: no status effects
A: no striking features
a: no special abilities


You were on level 5 of the Dungeon.
You visited 1 branch of the dungeon, and saw 5 of its levels.

You collected 140 gold pieces.

Inventory:

Hand Weapons
 d - a +1 vampiric trident
 k - a +2 rapier of venom (weapon)
Armour
 a - a +0 robe (worn)
 n - a +0 helmet (worn)
Wands
 o - a wand of iceblast (6)
Scrolls
 c - 3 scrolls of teleportation {unknown}
 e - 2 scrolls of amnesia {unknown}
 f - a scroll of magic mapping {unknown}
 j - a scroll of holy word {unknown}
 l - a scroll of silence {unknown}
 m - 3 scrolls of identify {unknown}
Potions
 b - a potion of flight {unknown}
 g - a potion of lignification {unknown}
 h - 2 potions of degeneration {unknown}
 i - a potion of haste {unknown}


   Skills:
 + Level 5.1 Dodging
 - Level 2.4 Stealth
 * Level 7.7 Spellcasting
 + Level 6.1 Conjurations


You had 15 spell levels left.
You knew the following spells:

 Your Spells              Type           Power      Damage    Failure   Level
a - Magic Dart            Conj           100%       1d8       1%          1
b - Searing Ray           Conj           80%        3d6       1%          2
c - Dazzling Flash        Conj/Hex       50%        N/A       5%          3

Your spell library contained the following spells:

 Spells                   Type           Power      Damage    Failure   Level
 Sandblast                Erth           18%        2d7       6%          1
 Fulminant Prism          Conj/Hex       12%        3d9       17%         4
 Iskenderun's Mystic Bla  Conj/Tloc      25%        2d7       17%         4
 Ignite Poison            Fire/Tmut/Pois 9%         N/A       19%         3
 Petrify                  Tmut/Erth      9%         N/A       52%         4
 Bolt of Magma            Conj/Fire/Erth 9%         4d7       58%         5
 Starburst                Conj/Fire      12%        8x6d5     95%         6


Dungeon Overview and Level Annotations

Branches:
Dungeon (5/15)
 Temple: D:4-7

Altars:
Cheibriados
Yredelemnul

Shops:
D:3 :

Annotations:
D:5 Duvessa


Message History

Confirm with . or Enter, or press ? or * to list all spells.
Aiming: Searing Ray (safe; 1% risk of failure)
Press: ? - help, Shift-Dir - straight line, f - Duvessa
Aim: Duvessa, wielding a +0 short sword, wearing a +0 leather armour and carrying a wand of flame (16) (berserk, 84% to hit)
The searing ray hits Duvessa.
Duvessa is lightly wounded. (Press . to maintain the ray.)
The searing ray hits Duvessa.
Duvessa is lightly wounded.
The searing ray hits Duvessa!
Duvessa is moderately wounded.
Duvessa hits you with a +0 short sword.
The searing ray hits Duvessa.
Duvessa is heavily wounded.
You finish channeling your searing ray.
Duvessa misses you. x2
A howler monkey skeleton comes into view.
Casting: Searing Ray (safe; 1% risk of failure)
Confirm with . or Enter, or press ? or * to list all spells.
Aiming: Searing Ray (safe; 1% risk of failure)
Press: ? - help, Shift-Dir - straight line, f/p - Duvessa
Aim: Duvessa, wielding a +0 short sword, wearing a +0 leather armour and carrying a wand of flame (16) (heavily wounded, berserk, 84% to hit)
The searing ray hits Duvessa.
Duvessa is heavily wounded. (Press . to maintain the ray.) Duvessa barely misses you.
The searing ray hits Duvessa.
Duvessa is severely wounded.
Duvessa hits you with a +0 short sword.
Duvessa hits you with a +0 short sword!!
Ouch! That really hurt!
* * * LOW HITPOINT WARNING * * *
Okay, then.
Okay, then.
Things that are here:
a +0 dagger; a +0 robe
Okay, then.
Casting: Searing Ray (safe; 1% risk of failure)
Confirm with . or Enter, or press ? or * to list all spells.
Duvessa is dazzled.
Duvessa hits you with a +0 short sword!
You die...

#.....# #.....+ ...
#.....# ... #.....#
.... #.....# .....
#.....###..Z..
#.....#......)
#############'#......(
#............@e.....#
#.#########.......#.#
#.# #...........
#.#########....#..#...
#.........#....#..# #.
#########.#....#....
..#.'....' ...#
#.###....# ####
#.#<#.####


You could see Duvessa (berserk, blind) and a howler monkey skeleton.

Vanquished Creatures
  A necrophage (D:4)
  Dowan (D:5)
  2 wights (D:4)
  2 bullfrog zombies (D:4)
  A human zombie (D:4)
  An orc priest (D:4)
  An iron imp (D:4)
  Jessica (D:1)
  A scorpion zombie (D:4)
  3 hound zombies (D:4)
  A hound skeleton (D:4)
  A mummy (D:4)
  4 adders
  A white imp (D:3)
  An adder zombie (D:4)
  An adder skeleton (D:4)
  5 worms
  A dart slug (D:1)
  4 orcs (D:4)
  An endoplasm (D:4)
  A giant cockroach (D:4)
  10 goblins
  3 hobgoblins
  2 jackals (D:4)
  3 quokkas
  5 ball pythons
  4 bats
  5 frilled lizards
  4 kobolds
  2 rats
73 creatures vanquished.

Notes
Turn   | Place    | Note
-------+----------+-------------------------------------------
     0 | D:1      | Nattfarinn the Deep Elf Conjurer began the quest for the
                  | Orb.
     0 | D:1      | Reached XP level 1. HP: 10/10 MP: 6/6
   201 | D:1      | Reached XP level 2. HP: 15/15 MP: 5/8
   668 | D:2      | Noticed Jessica
   679 | D:1      | Killed Jessica
   680 | D:1      | Reached skill level 4 in Spellcasting
   680 | D:1      | Reached XP level 3. HP: 16/19 MP: 2/10
   795 | D:2      | Learned a level 2 spell: Searing Ray
  1238 | D:2      | Reached XP level 4. HP: 24/24 MP: 9/12
  1584 | D:3      | Reached skill level 5 in Conjurations
  1598 | D:3      | Found Unti's Book Boutique.
  1724 | D:3      | Reached skill level 5 in Spellcasting
  2004 | D:3      | Found a faded altar of an unknown god.
  2768 | D:4      | Reached XP level 5. HP: 26/28 MP: 14/14
  3636 | D:4      | Found a snail-covered altar of Cheibriados.
  3853 | D:4      | Reached skill level 6 in Spellcasting
  4031 | D:4      | Reached XP level 6. HP: 21/32 MP: 5/17
  4265 | D:4      | Found a basalt altar of Yredelemnul.
  4376 | D:4      | Reached skill level 7 in Spellcasting
  4565 | D:4      | Reached skill level 5 in Dodging
  4565 | D:4      | Reached XP level 7. HP: 24/36 MP: 15/20
  4833 | D:4      | Learned a level 3 spell: Dazzling Flash
  4857 | D:5      | Entered Level 5 of the Dungeon
  4893 | D:5      | Noticed Dowan
  4904 | D:5      | Killed Dowan
  4910 | D:5      | Identified Ciecuum's Disquisition on Fiery Stones
  4987 | D:5      | Noticed Duvessa
  4996 | D:5      | Slain by Duvessa

Illustrated notes

Levels and vault maps discovered:
D:1:      lemuel_arrival_rhombus, layout_basic
D:2:      layout_loops_cross, uniq_jessica
D:3:      layout_loops_corners, shapermc_ecumenical_altar_mp_highgroup,
          serial_shops, shop_fountains
D:4:      layout_basic, slow_altar_2, lemuel_mausoleum_altar_yredelemnul,
          roderic_serpentine_path, minmay_strange_pillars, minmay_distorted
D:5:      layout_basic, kennysheep_windowed_goal, uniq_eustachio, uniq_duvessa

Skill      XL: |  1  2  3  4  5  6 |
---------------+-------------------+-----
Dodging        | 3 4 5 |  5.1
Spellcasting   | 4 5 6 7 |  7.7
Conjurations   | 5 6 |  6.1
Stealth        | |  2.4

Action                   |  1- 3 |  4- 6 |  7- 9 || total
-------------------------+-------+-------+-------++-------
Melee: Trident           |     3 |       |       ||     3
       Rapier            |       |    29 |       ||    29
 Cast: Magic Dart        |    47 |    81 |     5 ||   133
       Searing Ray       |       |    13 |     4 ||    17
       Dazzling Flash    |       |       |     1 ||     1
Armor: Robe              |       |     9 |       ||     9
Dodge: Dodged            |     9 |    42 |     4 ||    55

Table legend: (Time is in decaauts)
 A = Elapsed time spent in this place.
 B = Non-inter-level travel time spent in this place.
 C = Inter-level travel time spent in this place.
 D = Time resting spent in this place.
 E = Time spent auto-exploring this place.
 F = Levels seen in this place.
 G = Mean time per level.
                   A        B        C        D        E       F      G
               +--------+--------+--------+--------+--------+-----+--------+
         Total |   5002 |   4880 |    122 |    421 |   4074 |   5 | 1000.4 |
       Dungeon |   5002 |   4880 |    122 |    421 |   4074 |   5 | 1000.4 |
               +--------+--------+--------+--------+--------+-----+--------+

Top non-repeatable levels by time:
     D:4: 2388 daAuts
     D:3: 977 daAuts
     D:2: 808 daAuts
     D:1: 689 daAuts
     D:5: 138 daAuts
